 Dungeon Crawl Stone Soup version 0.21-a0-525-ga34b322 (webtiles) character file.

782 Amnesiac the Shooter (level 7, -1/54 HPs)
             Began as a Mummy Hunter on Dec 7, 2017.
             Slain by a centaur (6 damage)
             ... on level 5 of the Dungeon.
             The game lasted 00:05:28 (4540 turns).

Amnesiac the Shooter (Mummy Hunter)                 Turns: 4540, Time: 00:05:29

Health: -1/54      AC: 12    Str: 17    XL:     7   Next: 55%
Magic:  7/7        EV:  8    Int: 10    God:
Gold:   224        SH:  0    Dex: 13    Spells: 6/6 levels left

rFire    x . .     SeeInvis .   a - +1 shortbow
rCold    + + .     Gourm    .   (shield currently unavailable)
rNeg     + + +     Faith    .   r - +0 chain mail
rPois    ∞         Spirit   .   (no helmet)
rElec    .         Reflect  .   k - +1 cloak
rCorr    .         Harm     .   (no gloves)
MR       .....     Rnd*Tele +   g - +0 pair of boots
Stlth    ..........             (no amulet)
HPRegen  0.18/turn              s - ring of teleportation (curse)
MPRegen  0.10/turn              i - ring of protection from cold

@: no status effects
A: no food or potions, fire vulnerability, cold resistance 1, negative energy
resistance 3, torment resistance, unbreathing
a: no special abilities


You were on level 5 of the Dungeon.
You were not hungry.

You visited 1 branch of the dungeon, and saw 5 of its levels.

You collected 224 gold pieces.

Inventory:

Hand Weapons
 a - a +1 shortbow (weapon)
 b - a +0 dagger of venom
 e - a +0 hunting sling
 o - a +1 flail of protection
Missiles
 c - 18 sling bullets
 d - 52 arrows (quivered)
 f - 170 stones
 m - 11 poisoned needles
Armour
 g - a +0 pair of boots (worn)
 k - a +1 cloak (worn)
 r - a +0 chain mail (worn)
Jewellery
 i - a ring of protection from cold (right hand)
 n - an uncursed ring of flight
 s - a cursed ring of teleportation (left hand)
Scrolls
 h - 2 scrolls of teleportation {!r}
 j - a scroll of remove curse {!r}
 l - a scroll of amnesia {!r}
 p - 2 scrolls of blinking {!r}
 q - a scroll of fog {!r}


   Skills:
 + Level 4.0 Fighting
 * Level 5.4 Bows
 + Level 3.3 Armour
 + Level 3.3 Dodging
 - Level 0.7 Stealth


You had 6 spell levels left.
You didn't know any spells.

Dungeon Overview and Level Annotations

Branches:
Dungeon (5/15)
 Temple: D:4-7

Altars:
Kikubaaqudgha
Uskayaw
Yredelemnul
Zin


Innate Abilities, Weirdness & Mutations

You do not eat or drink.
Your flesh is vulnerable to fire.
You are immune to poison.
Your flesh is cold resistant. (rC+)
You are immune to negative energy. (rN+++)
You are immune to unholy pain and torment.
You can survive without breathing.


Message History

The worker ant bites you.
* * * LOW HITPOINT WARNING * * *
You are too injured to fight recklessly!
You can't drink.
Unknown command.
Firing (i - inventory. (,) - cycle):
d - 59 arrows (quivered)
Press: ? - help, Shift-Dir - straight line, f/p - worker ant
Aim: a worker ant (moderately wounded)
You shoot an arrow.
The arrow closely misses the worker ant.
The centaur hits you.
* * * LOW HITPOINT WARNING * * *
The worker ant bites you but does no damage.
The centaur barely misses you.
Firing (i - inventory. (,) - cycle):
d - 58 arrows (quivered)
Press: ? - help, Shift-Dir - straight line, f/p - worker ant
Aim: a worker ant (moderately wounded)
You shoot an arrow.
The arrow closely misses the worker ant.
The worker ant barely misses you. The centaur hits you.
* * * LOW HITPOINT WARNING * * *
Firing (i - inventory. (,) - cycle):
d - 57 arrows (quivered)
Press: ? - help, Shift-Dir - straight line, f/p - worker ant
Aim: a worker ant (moderately wounded)
You shoot an arrow. The arrow barely misses the worker ant.
The worker ant bites you.
* * * LOW HITPOINT WARNING * * *
The centaur barely misses you. The worker ant barely misses you.
The centaur hits you but does no damage.
Okay, then.
Firing (i - inventory. (,) - cycle):
d - 56 arrows (quivered)
Press: ? - help, Shift-Dir - straight line, f/p - worker ant
Aim: a worker ant (moderately wounded)
You shoot an arrow. The arrow hits the worker ant.
The worker ant is moderately wounded.
The centaur hits you but does no damage.
The worker ant barely misses you.
Firing (i - inventory. (,) - cycle):
d - 55 arrows (quivered)
Press: ? - help, Shift-Dir - straight line, f/p - worker ant
Aim: a worker ant (moderately wounded)
You shoot an arrow. The arrow hits the worker ant.
The worker ant is heavily wounded.
The centaur barely misses you. The worker ant closely misses you.
The centaur barely misses you.
You can't drink.
Unknown command.
Okay, then.
Okay, then.
Firing (i - inventory. (,) - cycle):
d - 54 arrows (quivered)
Press: ? - help, Shift-Dir - straight line, f/p - worker ant
Aim: a worker ant (heavily wounded)
You shoot an arrow.
The arrow closely misses the worker ant.
The worker ant bites you but does no damage.
The centaur hits you but does no damage.
Firing (i - inventory. (,) - cycle):
d - 53 arrows (quivered)
Press: ? - help, Shift-Dir - straight line, f/p - worker ant
Aim: a worker ant (heavily wounded)
You shoot an arrow. The arrow hits the worker ant.
The worker ant is severely wounded.
The worker ant closely misses you.
The centaur hits you but does no damage.
The centaur hits you.
You die...

#.... #...#..#.##.##
#...#(... #...#..#<##.#
#...##...##...#....##.#
#....#...#....#..####.#
#...#..(#...##.<# #.#
#...##((....#...# #.#
#....#...(..##.## #.#
#....####...#..# #.#
#(..(a@.######## #.#
##...c.....#
#.........# ##(......##
#.......# ##.[...##
##...## ##..# ..#


You could see a centaur and a worker ant.

Vanquished Creatures
  A hungry ghost (D:5)
  2 phantoms
  A howler monkey (D:3)
  A crimson imp (D:5)
  A jelly (D:5)
  2 orc priests
  An orc wizard (D:4)
  A centaur skeleton (D:5)
  2 worker ants
  A hound zombie (D:5)
  A hound skeleton (D:4)
  5 adders
  3 gnolls (D:2)
  4 worms
  A dart slug (D:1)
  6 leopard geckos
  10 orcs
  A ball python (D:3)
  8 giant cockroaches
  6 hobgoblins
  3 jackals (D:4)
  2 bats
  5 frilled lizards
  3 goblins
  10 kobolds
  7 rats
  2 rat zombies (D:3)
  A plant (D:1)
91 creatures vanquished.

Notes
Turn   | Place    | Note
-------+----------+-------------------------------------------
     0 | D:1      | Amnesiac the Mummy Hunter began the quest for the Orb.
     0 | D:1      | Reached XP level 1. HP: 16/16 MP: 1/1
   132 | D:1      | Reached skill level 1 in Armour
   417 | D:1      | Reached XP level 2. HP: 14/22 MP: 2/2
   708 | D:1      | You fall through a shaft!
   849 | D:2      | Reached XP level 3. HP: 22/27 MP: 3/3
  1087 | D:2      | Reached XP level 4. HP: 31/34 MP: 4/4
  1263 | D:2      | Found a hide-covered altar of Uskayaw.
  1265 | D:2      | Noticed a hand axe
  1265 | D:2      | Noticed a hand axe
  2083 | D:2      | Found a faded altar of an unknown god.
  2498 | D:3      | Found an ancient bone altar of Kikubaaqudgha.
  2725 | D:3      | Reached skill level 4 in Bows
  2725 | D:3      | Reached XP level 5. HP: 33/40 MP: 5/5
  3127 | D:3      | Found a glowing silver altar of Zin.
  3365 | D:4      | Noticed a phantom
  3393 | D:4      | HP: 2/41 [phantom (2)]
  3451 | D:4      | Killed a phantom
  3451 | D:4      | Reached XP level 6. HP: 11/47 MP: 6/6
  4294 | D:5      | Entered Level 5 of the Dungeon
  4307 | D:5      | Found a basalt altar of Yredelemnul.
  4438 | D:5      | Reached skill level 5 in Bows
  4438 | D:5      | Reached XP level 7. HP: 38/53 MP: 7/7
  4500 | D:5      | Noticed a hungry ghost
  4520 | D:5      | Killed a hungry ghost
  4540 | D:5      | Slain by a centaur

Vault maps used:
D:1:      roderic_crop_circles_arrival_small
D:2:      dancing_weapons_uskayaw, first_bread, chequers_ecumenical_altar_grove
D:3:      lemuel_zombie_altar_kikubaaqudgha, lemuel_round_altar
D:5:      kennysheep_spiral_hall, yredelemnul_altar_generic, uniq_blork_the_orc,
          uniq_sigmund

Skill      XL: |  1  2  3  4  5  6  7 |
---------------+----------------------+-----
Armour         | 1 2 3 |  3.3
Dodging        | 2 3 |  3.3
Bows           | 4 5 |  5.4
Fighting       | 3 4 |  4.0
Stealth        | |  0.7

Action                   |  1- 3 |  4- 6 |  7- 9 || total
-------------------------+-------+-------+-------++-------
Melee: Short sword       |    89 |       |       ||    89
       Dagger            |       |     9 |       ||     9
 Fire: Hunting sling     |    34 |   128 |       ||   162
       Shortbow          |    27 |   175 |    38 ||   240
  Use: Scroll            |       |     5 |       ||     5
Armor: Leather armour    |    10 |       |       ||    10
       Scale mail        |       |    43 |       ||    43
       Chain mail        |       |    21 |    35 ||    56
Dodge: Dodged            |    33 |    77 |    15 ||   125

Table legend:
 A = Spawn XP
 B = Non-spawn XP
 C = Spawn XP percentage of total XP
 D = Spawn monster count
 E = Non-spawn monster count
 F = Spawn count percentage of total count
 G = Total turns spent on level
                    A         B        C        D         E        F      G
               +---------+---------+-------+---------+---------+-------+---------
         Total |       0 |    1118 |   0.0 |       0 |      90 |   0.0 |  4540
               +---------+---------+-------+---------+---------+-------+---------
           D:1 |       0 |      29 |   0.0 |       0 |      15 |   0.0 |  1155
           D:2 |       0 |     100 |   0.0 |       0 |      15 |   0.0 |  1116
           D:3 |       0 |     172 |   0.0 |       0 |      33 |   0.0 |  1013
           D:4 |       0 |     309 |   0.0 |       0 |      18 |   0.0 |  1010
           D:5 |       0 |     508 |   0.0 |       0 |       9 |   0.0 |   246
               +---------+---------+-------+---------+---------+-------+---------
